2501 views
Uploaded 2021-09-03 13:25:01
Game version 1.32.10
18:21 long 2on2 ladder game on (6)GnollWood
Saved by snowflake
2501 views
Uploaded 2021-09-03 13:25:01
Game version 1.32.10
18:21 long 2on2 ladder game on (6)GnollWood


92 units @ 14.1k
/ 2.2k
34 buildings @ 5.8k
/ 2.3k


| Potion of Healing | 3 | 450 |
| Scroll of Town Portal | 1 | 350 |
| total: | 4 | 800g |
| Wisp | 17 | 1020 | / | 0 |
| Archer | 18 | 2340 | / | 180 |
| Mountain Giant | 6 | 2100 | / | 600 |
| Glaive Thrower | 3 | 630 | / | 195 |
| total: | 44 | 6090g | / | 975w |
| Altar of Elders | 1 | 180 | / | 50 |
| Moon Well | 7 | 1260 | / | 280 |
| Ancient of War | 1 | 150 | / | 60 |
| Hunter's Hall | 1 | 210 | / | 100 |
| Ancient of Wonders | 1 | 90 | / | 30 |
| Tree of Life | 1 | 340 | / | 185 |
| Ancient of Lore | 1 | 155 | / | 145 |
| Tree of Ages | 1 | 320 | / | 180 |
| Tree of Eternity | 1 | 330 | / | 200 |
| total: | 13 | 2385g | / | 850w |
| 0:02 | Wisp |
| 0:03 | Wisp |
| 0:03 | Wisp |
| 0:34 | Altar of Elders |
| 0:43 | Moon Well |
| 0:45 | Wisp |
| 0:46 | Wisp |
| 0:51 | Ancient of War |
| 0:54 | Wisp |
| 1:15 | Wisp |
| 1:16 | Wisp |
| 1:25 | Moon Well |
| 1:58 | Archer |
| 1:59 | Archer |
| 2:10 | Wisp |
| 2:10 | Wisp |
| 2:14 | Moon Well |
| 2:24 | Archer |
| 2:42 | Mana Burn |
| 2:57 | Archer |
| 3:29 | Archer |
| 3:32 | Tree of Ages |
| 3:37 | Moon Well |
| 3:46 | Evasion |
| 4:36 | Archer |
| 4:44 | Archer |
| 4:53 | Hunter's Hall |
| 6:14 | Mana Burn |
| 6:26 | Archer |
| 6:26 | Improved Bows |
| 6:31 | Ancient of Lore |
| 6:34 | Ancient of Wonders |
| 6:36 | Wisp |
| 6:37 | Wisp |
| 7:04 | Archer |
| 7:05 | Strength of the Moon |
| 7:06 | Reinforced Hides |
| 7:58 | Trueshot Aura |
| 8:03 | Potion of Healing |
| 8:06 | Potion of Healing |
| 8:07 | Scroll of Town Portal |
| 8:15 | Potion of Healing |
| 8:34 | Archer |
| 8:35 | Mountain Giant |
| 9:04 | Archer |
| 9:13 | Improved Reinforced Hides |
| 9:35 | Mountain Giant |
| 9:37 | Archer |
| 9:37 | Archer |
| 10:42 | Mountain Giant |
| 10:42 | Archer |
| 10:43 | Archer |
| 10:43 | Archer |
| 11:51 | Mountain Giant |
| 12:34 | Archer |
| 12:34 | Archer |
| 12:36 | Mountain Giant |
| 12:42 | Moon Well |
| 12:49 | Improved Strength of the Moon |
| 14:05 | Tree of Life |
| 14:13 | Glaive Thrower |
| 14:16 | Tree of Eternity |
| 14:58 | Strength of the Wild |
| 15:01 | Evasion |
| 15:04 | Searing Arrows |
| 15:12 | Mountain Giant |
| 15:15 | Moon Well |
| 15:45 | Glaive Thrower |
| 15:54 | Moon Well |
| 16:42 | Resistant Skin |
| 16:43 | Hardened Skin |
| 16:47 | Glaive Thrower |
| 17:07 | Wisp |
| 17:07 | Wisp |
| 17:07 | Wisp |
| 17:09 | Wisp |
| 17:18 | Wisp |
| Right click | 753 |
| Select | 252 |
| Build/train/purchase | 87 |
| Use ability | 22 |
| Resource trade | 19 |
| Minimap ping | 3 |
| Remove unit | 2 |


| Rod of Necromancy | 1 | 150 |
| Sacrificial Skull | 7 | 350 |
| Orb of Corruption | 1 | 375 |
| total: | 9 | 875g |
| Acolyte | 8 | 600 | / | 0 |
| Ghoul | 11 | 1320 | / | 0 |
| Crypt Fiend | 14 | 3010 | / | 560 |
| Necromancer | 5 | 725 | / | 100 |
| Obsidian Statue | 4 | 800 | / | 140 |
| Abomination | 2 | 480 | / | 140 |
| Frost Wyrm | 1 | 385 | / | 120 |
| Meat Wagon | 3 | 690 | / | 150 |
| total: | 48 | 8010g | / | 1210w |
| Nerubian Tower | 2 | 200 | / | 40 |
| Spirit Tower | 2 | 290 | / | 80 |
| Crypt | 2 | 400 | / | 100 |
| Altar of Darkness | 1 | 180 | / | 50 |
| Ziggurat | 10 | 1500 | / | 500 |
| Graveyard | 1 | 215 | / | 0 |
| Tomb of Relics | 1 | 130 | / | 30 |
| Necropolis | 1 | 225 | / | 0 |
| Slaughterhouse | 3 | 420 | / | 405 |
| Temple of the Damned | 1 | 155 | / | 140 |
| Boneyard | 1 | 175 | / | 200 |
| Halls of the Dead | 1 | 320 | / | 210 |
| Black Citadel | 1 | 325 | / | 230 |
| total: | 21 | 3400g | / | 1425w |
| 0:03 | Acolyte |
| 0:03 | Acolyte |
| 0:09 | Crypt |
| 0:11 | Crypt |
| 0:15 | Altar of Darkness |
| 0:20 | Ziggurat |
| 0:49 | Graveyard |
| 1:03 | Tomb of Relics |
| 1:14 | Ghoul |
| 1:14 | Ghoul |
| 1:14 | Ghoul |
| 1:14 | Ghoul |
| 1:14 | Ghoul |
| 1:14 | Ghoul |
| 1:14 | Ghoul |
| 1:26 | Ghoul |
| 1:42 | Ziggurat |
| 1:50 | Acolyte |
| 2:12 | Crypt Fiend |
| 2:27 | Rod of Necromancy |
| 2:32 | Sacrificial Skull |
| 2:32 | Sacrificial Skull |
| 2:32 | Sacrificial Skull |
| 2:32 | Sacrificial Skull |
| 2:32 | Sacrificial Skull |
| 2:32 | Sacrificial Skull |
| 2:32 | Sacrificial Skull |
| 2:53 | Crypt Fiend |
| 2:53 | Crypt Fiend |
| 2:53 | Crypt Fiend |
| 2:53 | Crypt Fiend |
| 3:06 | Death Coil |
| 3:16 | Crypt Fiend |
| 3:40 | Acolyte |
| 3:59 | Acolyte |
| 3:59 | Acolyte |
| 4:16 | Ziggurat |
| 4:31 | Acolyte |
| 4:35 | Unholy Aura |
| 4:50 | Halls of the Dead |
| 5:14 | Ghoul |
| 5:14 | Ghoul |
| 5:59 | Crypt Fiend |
| 6:16 | Death Coil |
| 6:31 | Crypt Fiend |
| 6:34 | Ziggurat |
| 6:56 | Nerubian Tower |
| 6:58 | Spirit Tower |
| 6:59 | Crypt Fiend |
| 7:06 | Creature Attack |
| 7:09 | Necropolis |
| 7:42 | Ziggurat |
| 8:07 | Ziggurat |
| 8:31 | Ziggurat |
| 8:49 | Black Citadel |
| 8:52 | Slaughterhouse |
| 9:02 | Crypt Fiend |
| 9:09 | Acolyte |
| 9:16 | Temple of the Damned |
| 9:43 | Crypt Fiend |
| 10:22 | Frost Nova |
| 10:44 | Necromancer |
| 10:45 | Obsidian Statue |
| 10:45 | Obsidian Statue |
| 10:57 | Improved Creature Attack |
| 11:06 | Ziggurat |
| 11:08 | Spirit Tower |
| 11:09 | Nerubian Tower |
| 11:21 | Unholy Aura |
| 11:47 | Obsidian Statue |
| 11:48 | Destroyer Form |
| 12:04 | Crypt Fiend |
| 12:04 | Crypt Fiend |
| 12:08 | Necromancer |
| 12:08 | Necromancer |
| 12:29 | Necromancer |
| 12:30 | Obsidian Statue |
| 12:31 | Crypt Fiend |
| 12:36 | Slaughterhouse |
| 12:39 | Advanced Creature Attack |
| 12:39 | Unholy Armor |
| 13:00 | Boneyard |
| 13:25 | Necromancer |
| 13:30 | Ziggurat |
| 13:36 | Frost Armor |
| 13:45 | Orb of Corruption |
| 13:54 | Skeletal Mastery |
| 13:59 | Disease Cloud |
| 14:00 | Abomination |
| 14:20 | Frost Wyrm |
| 14:24 | Ziggurat |
| 14:47 | Slaughterhouse |
| 14:51 | Abomination |
| 15:22 | Meat Wagon |
| 16:12 | Frost Nova |
| 16:36 | Meat Wagon |
| 17:18 | Meat Wagon |
| 18:04 | Ghoul |
| Right click | 944 |
| Select group | 546 |
| Select | 302 |
| Build/train/purchase | 107 |
| Misc. action | 56 |
| Assign group | 29 |
| Use ability | 26 |
| Minimap ping | 9 |
| Resource trade | 5 |
| Remove unit | 3 |
78 units @ 11.1k
/ 1.4k
49 buildings @ 6.4k
/ 2.6k



| Rod of Necromancy | 1 | 150 |
| Potion of Mana | 2 | 400 |
| Potion of Healing | 1 | 150 |
| Sacrificial Skull | 1 | 50 |
| Scroll of Town Portal | 2 | 700 |
| Scroll of Healing | 1 | 250 |
| Boots of Speed | 1 | 250 |
| Scroll of Protection | 1 | 150 |
| total: | 10 | 2100g |
| Acolyte | 10 | 750 | / | 0 |
| Ghoul | 4 | 480 | / | 0 |
| Crypt Fiend | 6 | 1290 | / | 240 |
| Obsidian Statue | 2 | 400 | / | 70 |
| Banshee | 4 | 620 | / | 120 |
| Gargoyle | 1 | 175 | / | 30 |
| Abomination | 3 | 720 | / | 210 |
| Frost Wyrm | 2 | 770 | / | 240 |
| total: | 32 | 5205g | / | 910w |
| Nerubian Tower | 2 | 200 | / | 40 |
| Spirit Tower | 1 | 145 | / | 40 |
| Altar of Darkness | 1 | 180 | / | 50 |
| Ziggurat | 8 | 1200 | / | 400 |
| Crypt | 1 | 200 | / | 50 |
| Graveyard | 1 | 215 | / | 0 |
| Tomb of Relics | 3 | 390 | / | 90 |
| Necropolis | 3 | 675 | / | 0 |
| Slaughterhouse | 1 | 140 | / | 135 |
| Temple of the Damned | 1 | 155 | / | 140 |
| Sacrificial Pit | 1 | 75 | / | 150 |
| Boneyard | 1 | 175 | / | 200 |
| Halls of the Dead | 1 | 320 | / | 210 |
| Black Citadel | 1 | 325 | / | 230 |
| total: | 21 | 3405g | / | 1215w |
| 0:13 | Altar of Darkness |
| 0:16 | Ziggurat |
| 0:19 | Crypt |
| 0:27 | Acolyte |
| 0:41 | Acolyte |
| 0:57 | Acolyte |
| 1:09 | Nerubian Tower |
| 1:29 | Graveyard |
| 1:38 | Tomb of Relics |
| 1:51 | Ziggurat |
| 2:02 | Ghoul |
| 2:12 | Carrion Beetles |
| 2:16 | Ghoul |
| 2:46 | Ghoul |
| 2:46 | Ghoul |
| 3:03 | Crypt Fiend |
| 3:13 | Rod of Necromancy |
| 3:28 | Ziggurat |
| 3:39 | Crypt Fiend |
| 4:24 | Crypt Fiend |
| 4:30 | Spiked Carapace |
| 4:39 | Halls of the Dead |
| 5:10 | Creature Carapace |
| 5:15 | Crypt Fiend |
| 6:05 | Carrion Beetles |
| 6:07 | Crypt Fiend |
| 6:08 | Creature Attack |
| 6:11 | Ziggurat |
| 6:36 | Crypt Fiend |
| 7:10 | Necropolis |
| 7:15 | Web |
| 7:18 | Acolyte |
| 8:01 | Death Coil |
| 8:04 | Slaughterhouse |
| 8:07 | Temple of the Damned |
| 8:07 | Acolyte |
| 8:08 | Acolyte |
| 8:25 | Sacrificial Pit |
| 8:51 | Acolyte |
| 8:51 | Acolyte |
| 8:54 | Ziggurat |
| 8:57 | Tomb of Relics |
| 9:13 | Potion of Mana |
| 9:22 | Scroll of Town Portal |
| 9:52 | Obsidian Statue |
| 9:53 | Black Citadel |
| 10:02 | Banshee Adept Training |
| 10:03 | Banshee |
| 10:27 | Acolyte |
| 10:30 | Ziggurat |
| 10:32 | Tomb of Relics |
| 10:36 | Ziggurat |
| 11:03 | Obsidian Statue |
| 11:03 | Gargoyle |
| 11:06 | Unholy Armor |
| 11:08 | Ziggurat |
| 11:33 | Spirit Tower |
| 11:34 | Nerubian Tower |
| 12:05 | Unholy Aura |
| 12:20 | Destroyer Form |
| 12:21 | Abomination |
| 12:21 | Banshee Master Training |
| 12:22 | Banshee |
| 12:55 | Boneyard |
| 14:15 | Frost Wyrm |
| 14:17 | Banshee |
| 14:32 | Sleep |
| 14:41 | Acolyte |
| 14:43 | Potion of Healing |
| 14:43 | Potion of Mana |
| 14:44 | Scroll of Healing |
| 14:45 | Sacrificial Skull |
| 14:50 | Impale |
| 15:01 | Necropolis |
| 15:03 | Abomination |
| 15:08 | Necropolis |
| 16:11 | Frost Wyrm |
| 16:11 | Freezing Breath |
| 16:39 | Banshee |
| 16:44 | Abomination |
| 17:35 | Scroll of Town Portal |
| 17:36 | Boots of Speed |
| 17:36 | Scroll of Protection |
| 18:04 | Death Coil |
| Right click | 753 |
| Select group | 537 |
| Select | 240 |
| Chat | 199 |
| Build/train/purchase | 86 |
| Misc. action | 74 |
| Assign group | 46 |
| Use ability | 30 |
| Minimap ping | 7 |
| Resource trade | 4 |
| Esc | 2 |
snowflake
(18:19) : 


| Scroll of Regeneration | 2 | 200 |
| Lesser Clarity Potion | 1 | 70 |
| Potion of Healing | 1 | 150 |
| Staff of Sanctuary | 3 | 750 |
| Scroll of Healing | 1 | 250 |
| Scroll of Town Portal | 1 | 350 |
| Potion of Lesser Invulnerability | 1 | 150 |
| total: | 10 | 1920g |
| Peasant | 18 | 1350 | / | 0 |
| Footman | 14 | 1890 | / | 0 |
| Rifleman | 7 | 1435 | / | 210 |
| Spell Breaker | 2 | 430 | / | 60 |
| Priest | 2 | 270 | / | 20 |
| Sorceress | 1 | 155 | / | 20 |
| Mortar Team | 2 | 360 | / | 140 |
| total: | 46 | 5890g | / | 450w |
| Scout Tower | 6 | 180 | / | 120 |
| Arcane Tower | 2 | 140 | / | 100 |
| Guard Tower | 8 | 560 | / | 400 |
| Altar of Kings | 1 | 180 | / | 50 |
| Barracks | 2 | 320 | / | 120 |
| Farm | 10 | 800 | / | 200 |
| Town Hall | 1 | 385 | / | 205 |
| Lumber Mill | 1 | 120 | / | 0 |
| Arcane Vault | 2 | 260 | / | 60 |
| Blacksmith | 1 | 140 | / | 60 |
| Arcane Sanctum | 2 | 300 | / | 280 |
| Gryphon Aviary | 1 | 140 | / | 150 |
| Workshop | 1 | 140 | / | 140 |
| Keep | 2 | 640 | / | 420 |
| Castle | 3 | 1080 | / | 630 |
| total: | 28 | 2965g | / | 1385w |
| 0:02 | Peasant |
| 0:02 | Peasant |
| 0:06 | Altar of Kings |
| 0:19 | Barracks |
| 0:21 | Peasant |
| 0:34 | Farm |
| 0:37 | Peasant |
| 0:49 | Farm |
| 0:52 | Peasant |
| 1:04 | Peasant |
| 1:19 | Footman |
| 1:25 | Peasant |
| 1:37 | Footman |
| 1:45 | Peasant |
| 1:55 | Farm |
| 2:01 | Peasant |
| 2:06 | Summon Water Elemental |
| 2:17 | Peasant |
| 2:44 | Footman |
| 2:44 | Peasant |
| 2:56 | Brilliance Aura |
| 3:01 | Scout Tower |
| 3:08 | Town Hall |
| 3:20 | Scout Tower |
| 3:33 | Lumber Mill |
| 3:34 | Scout Tower |
| 3:39 | Arcane Tower |
| 4:04 | Peasant |
| 4:05 | Peasant |
| 4:18 | Peasant |
| 4:18 | Peasant |
| 4:18 | Peasant |
| 4:23 | Footman |
| 4:26 | Guard Tower |
| 4:39 | Scout Tower |
| 4:41 | Improved Lumber Harvesting |
| 4:43 | Peasant |
| 4:43 | Peasant |
| 4:44 | Guard Tower |
| 4:53 | Footman |
| 4:57 | Scout Tower |
| 4:58 | Scout Tower |
| 5:08 | Footman |
| 5:10 | Guard Tower |
| 5:12 | Farm |
| 5:18 | Arcane Vault |
| 5:33 | Footman |
| 5:35 | Defend |
| 5:58 | Summon Water Elemental |
| 6:04 | Footman |
| 6:11 | Keep |
| 6:33 | Footman |
| 6:36 | Farm |
| 6:38 | Blacksmith |
| 6:55 | Footman |
| 6:59 | Guard Tower |
| 7:00 | Guard Tower |
| 7:07 | Farm |
| 7:10 | Footman |
| 7:23 | Footman |
| 7:40 | Footman |
| 8:10 | Footman |
| 8:12 | Barracks |
| 8:41 | Arcane Sanctum |
| 8:42 | Arcane Sanctum |
| 9:00 | Rifleman |
| 9:08 | Scroll of Regeneration |
| 9:10 | Lesser Clarity Potion |
| 9:15 | Scroll of Regeneration |
| 9:25 | Rifleman |
| 9:25 | Long Rifles |
| 9:30 | Potion of Healing |
| 9:44 | Flame Strike |
| 9:52 | Rifleman |
| 10:17 | Spell Breaker |
| 10:43 | Rifleman |
| 10:48 | Priest |
| 10:54 | Black Gunpowder |
| 10:54 | Refined Gunpowder |
| 10:56 | Castle |
| 11:39 | Farm |
| 11:39 | Farm |
| 11:46 | Magic Sentry |
| 11:57 | Imbued Gunpowder |
| 12:16 | Spell Breaker |
| 12:22 | Rifleman |
| 12:26 | Priest Adept Training |
| 12:43 | Potion of Lesser Invulnerability |
| 12:44 | Scroll of Healing |
| 13:00 | Farm |
| 13:32 | Priest Master Training |
| 13:54 | Siphon Mana |
| 13:56 | Brilliance Aura |
| 14:00 | Sorceress |
| 14:02 | Sorceress Adept Training |
| 14:15 | Holy Light |
| 14:31 | Staff of Sanctuary |
| 14:31 | Staff of Sanctuary |
| 14:31 | Staff of Sanctuary |
| 15:02 | Priest |
| 15:08 | Gryphon Aviary |
| 15:16 | Workshop |
| 16:32 | Rifleman |
| 16:37 | Mortar Team |
| 16:38 | Fragmentation Shards |
| 16:40 | Farm |
| 16:46 | Arcane Vault |
| 17:07 | Scroll of Town Portal |
| 17:27 | Mortar Team |
| 17:43 | Flame Strike |
| 17:57 | Divine Shield |
| 18:03 | Rifleman |
| Select group | 1255 |
| Right click | 836 |
| Select | 419 |
| Build/train/purchase | 175 |
| Misc. action | 156 |
| Assign group | 75 |
| Chat | 71 |
| Use ability | 27 |
| Resource trade | 15 |
| Item give/drop | 3 |
| Esc | 3 |
| Minimap ping | 3 |
โ